 Dungeon Crawl Stone Soup version 0.26-a0-752-gcff87cac9a (webtiles) character file.

Game seed: 2119232519998365166

380 Queen the Chopper (level 6, -3/55 HPs)
             Began as a Hill Orc Fighter on Nov 6, 2020.
             Killed from afar by an orc wizard (5 damage)
             ... with a magic dart
             ... on level 4 of the Dungeon.
             The game lasted 00:04:12 (3274 turns).

Queen the Chopper (Hill Orc Fighter)                Turns: 3274, Time: 00:04:13

Health: -3/55      AC:  8    Str: 21    XL:     6   Next: 75%
Magic:  6/6        EV:  7    Int:  8    God:
Gold:   224        SH:  9    Dex: 10    Spells: 5/5 levels left

rFire    . . .     SeeInvis .   a - +0 war axe
rCold    . . .     Faith    .   c - +0 kite shield
rNeg     . . .     Spirit   .   b - +0 scale mail
rPois    .         Reflect  .   (no helmet)
rElec    .         Harm     .   (no cloak)
rCorr    .         Rampage  .   m - +0 pair of gloves
MR       .....                  (no boots)
Stlth    ..........             (no amulet)
HPRegen  0.18/turn              (no ring)
MPRegen  0.10/turn              (no ring)

@: mighty, lethally poisoned (-3 -> -47)
A: no striking features
a: no special abilities


You were on level 4 of the Dungeon.
You visited 1 branch of the dungeon, and saw 4 of its levels.

You collected 224 gold pieces.

Inventory:

Hand Weapons
 a - a +0 war axe (weapon)
Armour
 b - a +0 scale mail (worn)
 c - a +0 kite shield (worn)
 m - a +0 pair of gloves (worn)
Jewellery
 e - an uncursed ring of magical power {unknown}
Wands
 s - a wand of iceblast (13)
Scrolls
 f - 2 scrolls of amnesia {unknown}
 g - a scroll of identify {unknown}
 h - 2 scrolls of teleportation {unknown}
 j - 2 scrolls of remove curse {unknown}
 n - 2 scrolls of enchant weapon {unknown}
 o - 4 scrolls of fog {unknown}
 q - a scroll of magic mapping {unknown}
Potions
 i - 2 potions of resistance {unknown}
 k - a potion of cancellation {unknown}
 l - 2 potions of attraction {unknown}
 p - a potion of haste {unknown}
 r - a potion of experience {unknown}
 t - a potion of degeneration {unknown}
 u - a potion of heal wounds {unknown}


   Skills:
 + Level 4.9 Fighting
 + Level 6.1 Axes
 + Level 4.9 Armour
 + Level 4.4 Shields


You had 5 spell levels left.
You didn't know any spells.
Your spell library was empty.

Dungeon Overview and Level Annotations

Branches:
Dungeon (4/15)
 Temple: D:4-7

Altars:
Elyvilon
Fedhas
Gozag
Kikubaaqudgha
Makhleb


Message History

* * * LOW HITPOINT WARNING * * *
You feel very sick. Something hits you.
* * * LOW HITPOINT WARNING * * *
You are more poisoned.
Something hits you but does no damage.
You are more poisoned.
You hit something.
* * * LOW HITPOINT WARNING * * *
You feel very sick.
An orc wizard appears from thin air!
Reactivating autopickup.
Something hits you.
* * * LOW HITPOINT WARNING * * *
You are more poisoned.
Deactivating autopickup; reactivate with Ctrl-A.
You hear some strange, mumbled words.
A magic dart appears from out of thin air!
The magic dart hits you.
You die...

#######.####
..........
#..........#
..........
#..........#
####+#+#'#
#..........#
#.....#.
#..........#
#.....+#
#..........#
#.....#.
#..........#
##.#+#.#
#######'####
#.#.#.#. #@#
##.#.#.# #{#
#.######
##########o######
###
..........o.....#
#..###.........)#
...#.#..........#
###.#)#........#
#..:..#........#
#.###........#


You could see 2 orc wizards.

Vanquished Creatures
  A phantom (D:4)
  A hound (D:4)
  3 orc wizards
  Natasha (twice) (D:4)
  A worker ant (D:4)
  3 adders
  An ooze (D:3)
  2 dart slugs
  2 leopard geckos
  6 orcs
  3 ball pythons
  A giant cockroach (D:3)
  7 goblins
  10 hobgoblins
  3 jackals (D:2)
  15 bats
  2 frilled lizards (D:1)
  3 kobolds
  5 rats
71 creatures vanquished.

Notes
Turn   | Place    | Note
-------+----------+-------------------------------------------
     0 | D:1      | Queen the Hill Orc Fighter began the quest for the Orb.
     0 | D:1      | Reached XP level 1. HP: 19/19 MP: 1/1
   264 | D:1      | Reached XP level 2. HP: 27/27 MP: 2/2
   600 | D:1      | Reached skill level 3 in Axes
   790 | D:2      | Found an opulent altar of Gozag.
   823 | D:2      | Reached XP level 3. HP: 33/33 MP: 3/3
   839 | D:2      | Found a white marble altar of Elyvilon.
   898 | D:2      | Found a burning altar of Makhleb.
  1143 | D:2      | Reached XP level 4. HP: 40/40 MP: 4/4
  1201 | D:2      | Found an ancient bone altar of Kikubaaqudgha.
  1419 | D:2      | Found a blossoming altar of Fedhas.
  1605 | D:3      | Reached skill level 4 in Axes
  1715 | D:3      | Reached XP level 5. HP: 23/46 MP: 5/5
  2333 | D:4      | Noticed a phantom
  2341 | D:4      | Reached skill level 5 in Axes
  2765 | D:4      | Killed a phantom
  2765 | D:4      | Reached XP level 6. HP: 34/53 MP: 6/6
  2955 | D:4      | Noticed Natasha
  2970 | D:4      | Killed Natasha
  3134 | D:4      | Noticed Natasha
  3141 | D:4      | Killed Natasha
  3255 | D:4      | Reached skill level 6 in Axes
  3274 | D:4      | HP: 2/55 [something (3)]
  3274 | D:4      | Killed from afar by an orc wizard

Illustrated notes

Levels and vault maps discovered:
D:1:      ncdulo_halloftheorcs, layout_rooms
D:2:      layout_loops_cross, elyvilon_altar_3, kiku_gazebo_pond_becter,
          grunt_gozag_breadcrumbs, lemuel_crystal_altar, lemuel_statue_altar
D:3:      layout_loops_ring, minmay_misc_feat_doors
D:4:      layout_basic, gammafunk_ghost_cemetery,
          minmay_a_box_with_orc_wizards_in_it, uniq_natasha

Skill      XL: |  1  2  3  4  5  6 |
---------------+-------------------+-----
Axes           | 3 4 5 6 |  6.1
Fighting       | 4 |  4.9
Armour         | 4 |  4.9
Shields        | 4 |  4.4

Action                   |  1- 3 |  4- 6 || total
-------------------------+-------+-------++-------
Melee: War axe           |    97 |   191 ||   288
  Use: Potion            |       |     1 ||     1
Armor: Scale mail        |    47 |   104 ||   151
Dodge: Dodged            |    32 |    46 ||    78
Block: Kite shield       |    50 |    82 ||   132

Table legend: (Time is in decaauts)
 A = Elapsed time spent in this place.
 B = Non-inter-level travel time spent in this place.
 C = Inter-level travel time spent in this place.
 D = Time resting spent in this place.
 E = Time spent auto-exploring this place.
 F = Levels seen in this place.
 G = Mean time per level.
                   A        B        C        D        E       F      G
               +--------+--------+--------+--------+--------+-----+--------+
         Total |   3383 |   3311 |     72 |    399 |   2279 |   4 |  845.8 |
       Dungeon |   3383 |   3311 |     72 |    399 |   2279 |   4 |  845.8 |
               +--------+--------+--------+--------+--------+-----+--------+

Top non-repeatable levels by time:
     D:3: 1226 daAuts
     D:1: 801 daAuts
     D:2: 707 daAuts
     D:4: 647 daAuts
